 Dungeon Crawl Stone Soup version 0.23.0 (webtiles) character file.

Game seed: 11611020044776436548

3733 Sotto the Destroyer (level 9, -2/45 HPs)
             Began as a Deep Elf Conjurer on Feb 9, 2019.
             Was a Follower of Vehumet.
             Slain by a two-headed ogre
             ... wielding a +0 giant club
              (19 damage)
             ... on level 8 of the Dungeon on Feb 10, 2019.
             The game lasted 00:30:29 (9973 turns).

Sotto the Destroyer (Deep Elf Conjurer)             Turns: 9973, Time: 00:30:30

Health: -2/45      AC:  3    Str:  5    XL:     9   Next: 92%
Magic:  2/23       EV: 17    Int: 24    God:    Vehumet [*.....]
Gold:   331        SH:  0    Dex: 15    Spells: 8/24 levels left

rFire    x . .     SeeInvis .   v - +0 shortbow
rCold    + . .     Gourm    +   (shield currently unavailable)
rNeg     . . .     Faith    .   a - +0 robe
rPois    .         Spirit   .   E - +0 hat
rElec    .         Reflect  .   (no cloak)
rCorr    .         Harm     .   (no gloves)
MR       .....                  g - +0 pair of boots
Stlth    ++........             s - amulet of the gourmand
HPRegen  0.15/turn              C - ring of ice
MPRegen  0.18/turn              (no ring)

@: no status effects
A: no striking features
a: Renounce Religion


You were on level 8 of the Dungeon.
You worshipped Vehumet.
Vehumet was aware of your devotion.
You were full.

You visited 2 branches of the dungeon, and saw 9 of its levels.

You collected 331 gold pieces.

Inventory:

Hand Weapons
 n - a +0 blowgun
 v - a +0 shortbow (weapon)
Missiles
 h - 68 poisoned needles
 o - 8 curare-tipped needles
 w - 57 arrows (quivered)
Armour
 a - a +0 robe (worn)
 g - a +0 pair of boots (worn)
 E - a +0 hat (worn)
Jewellery
 s - an amulet of the gourmand (around neck)
 C - a ring of ice (left hand)
Wands
 r - a wand of polymorph (11)
 x - a wand of random effects (24)
 A - a wand of flame (16)
Scrolls
 b - 3 scrolls of teleportation
 d - 4 scrolls of amnesia
 e - 4 scrolls of remove curse
 p - a scroll of fear {unknown}
 q - a scroll of magic mapping {unknown}
 t - 2 scrolls of blinking {unknown}
 u - 3 scrolls of enchant weapon
 y - 2 scrolls of identify
 z - a scroll of enchant armour {unknown}
 B - a scroll of holy word {unknown}
Potions
 f - a potion of curing
 i - 2 potions of ambrosia
 j - a potion of mutation {unknown}
 k - a potion of flight
 l - 2 potions of heal wounds
 m - 2 potions of lignification
Comestibles
 c - 8 rations


   Skills:
 + Level 5.7 Bows
 + Level 8.2 Dodging
 - Level 2.4 Stealth
 - Level 8.1 Spellcasting
 * Level 11.0 Conjurations
 + Level 3.2 Translocations


You had 8 spell levels left.
You knew the following spells:

 Your Spells              Type           Power        Failure   Level  Hunger
a - Magic Dart            Conj           ####         1%          1    None
b - Searing Ray           Conj           ######       1%          2    None
c - Blink                 Tloc           N/A          2%          2    None
d - Mephitic Cloud        Conj/Pois/Air  ####....     4%          3    None
e - Iskenderun's Mystic   Conj           ######..     1%          4    ##.....
f - Conjure Flame         Conj/Fire      #####...     1%          3    None
g - Freeze                Ice            ##..         6%          1    None

Your spell library contained the following spells:

 Spells                   Type           Power        Failure   Level  Hunger
 Dazzling Spray           Conj/Hex       #####.       1%          3    None
 Force Lance              Conj/Tloc      #####...     3%          4    ##.....
 Fulminant Prism          Conj/Hex       #####.....   7%          4    ##.....
 Call Imp                 Summ           #.......     10%         2    None
 Slow                     Hex            #.......     10%         2    None


Dungeon Overview and Level Annotations

Branches:
Dungeon (8/15)             Temple (1/1) D:7
   Lair: D:8-11

Altars:
Cheibriados
Dithmenos
Makhleb
Okawaru
Qazlal
Sif Muna
Trog
Vehumet
Wu Jian
Xom
Yredelemnul
Zin

Shops:
D:5 %


Message History

Press: ? - help, Shift-Dir - straight line, f/p - two-headed ogre
Aim: a two-headed ogre, wielding a +0 giant club and a +0 dire flail (moderately wounded)
The orb of energy hits the two-headed ogre!
The two-headed ogre is heavily wounded.
There is an open door here.
Casting: Iskenderun's Mystic Blast (safe; 1% risk of failure)
Confirm with . or Enter, or press ? or * to list all spells.
Aiming: Searing Ray (safe; 1% risk of failure)
Press: ? - help, Shift-Dir - straight line, f/p - two-headed ogre
Aim: a two-headed ogre, wielding a +0 giant club and a +0 dire flail (heavily wounded)
The searing ray hits the two-headed ogre.
The two-headed ogre is heavily wounded. (Press . to maintain the ray.)
The two-headed ogre hits you with a +0 giant club.
The two-headed ogre completely misses you.
The searing ray hits the two-headed ogre!
The two-headed ogre is severely wounded.
The two-headed ogre hits you with a +0 giant club!
The two-headed ogre hits you with a +0 dire flail!!
You die...

##..............#
.'..........>...#
##......####'####
#.......# #.#######
#.......# #.......#
#.......# #######.#
######### #.# ##
#####.# <# #..@O.# .#
#######.##### .#
#...........# .#
#.#####.###.# .# #.#
#.....#
.#######.#############
.......#.............#
.......#############.#
.....### #.#


You could see a two-headed ogre.

Vanquished Creatures
  A two-headed ogre (D:8)
  Pikel (D:6)
  A hornet (D:8)
  A hippogriff (D:7)
  An orc warrior (D:7)
  2 ice beasts
  2 sky beasts
  2 black bears
  2 ogres
  2 centaurs
  A big kobold (D:8)
  Blork the orc (D:4)
  3 bullfrogs (D:6)
  A scorpion (D:8)
  4 killer bees (D:8)
  A howler monkey (D:6)
  A centaur zombie (D:7)
  2 crimson imps
  A bullfrog zombie (D:5)
  3 hounds
  2 bullfrog skeletons
  An orc priest (D:7)
  4 orc wizards
  Terence (D:2)
  2 iguanas
  A killer bee zombie (D:8)
  A hound skeleton (D:6)
  7 adders
  A shadow imp (D:4)
  3 oozes
  An adder skeleton (D:4)
  A worm (D:1)
  2 dart slugs
  2 leopard geckos
  15 orcs
  6 giant cockroaches
  9 goblins
  10 hobgoblins
  15 jackals
  9 kobolds
  3 quokkas
  4 ball pythons
  7 bats
  A frilled lizard (D:1)
  A jackal zombie (D:5)
  6 rats
148 creatures vanquished.

Vanquished Creatures (others)
  A howler monkey (D:6)
  A plant (D:7)
2 creatures vanquished.

Grand Total: 150 creatures vanquished

Notes
Turn   | Place    | Note
-------+----------+-------------------------------------------
     0 | D:1      | Sotto the Deep Elf Conjurer began the quest for the Orb.
     0 | D:1      | Reached XP level 1. HP: 10/10 MP: 6/6
   195 | D:1      | Reached XP level 2. HP: 15/15 MP: 1/8
   199 | D:1      | Learned a level 2 spell: Searing Ray
   638 | D:1      | Reached skill level 5 in Conjurations
   638 | D:1      | Reached XP level 3. HP: 19/19 MP: 6/10
  1136 | D:2      | Learned a level 3 spell: Dazzling Spray
  1417 | D:2      | Learned a level 2 spell: Blink
  1421 | D:2      | Learned a level 3 spell: Mephitic Cloud
  1427 | D:2      | Reached XP level 4. HP: 24/24 MP: 9/11
  1789 | D:2      | Noticed Terence
  1814 | D:2      | Killed Terence
  2008 | D:2      | Found a deep blue altar of Sif Muna.
  2422 | D:3      | Reached XP level 5. HP: 28/28 MP: 5/13
  2580 | D:3      | Learned a level 4 spell: Iskenderun's Mystic Blast
  2628 | D:3      | Reached skill level 6 in Conjurations
  3170 | D:4      | Noticed Blork the orc
  3201 | D:4      | Killed Blork the orc
  3259 | D:4      | Reached XP level 6. HP: 32/32 MP: 5/15
  3478 | D:4      | Reached skill level 5 in Spellcasting
  4205 | D:4      | Found a shadowy altar of Dithmenos.
  4516 | D:5      | Entered Level 5 of the Dungeon
  4548 | D:5      | Noticed a sky beast
  4550 | D:5      | Killed a sky beast
  4550 | D:5      | Reached skill level 7 in Conjurations
  4699 | D:5      | Found a snail-covered altar of Cheibriados.
  4746 | D:5      | Reached skill level 5 in Dodging
  4746 | D:5      | Reached XP level 7. HP: 36/36 MP: 8/17
  5211 | D:5      | Found Recacara's Food Emporium.
  5554 | D:4      | Reached skill level 1 in Bows
  5912 | D:6      | Learned a level 3 spell: Conjure Flame
  5963 | D:6      | Found a basalt altar of Yredelemnul.
  6026 | D:6      | Noticed Pikel
  6031 | D:6      | Killed Pikel
  6031 | D:6      | Reached skill level 8 in Conjurations
  6031 | D:6      | Reached XP level 8. HP: 41/41 MP: 7/20
  6297 | D:6      | Reached skill level 9 in Conjurations
  6490 | D:6      | Found a shimmering altar of Xom.
  7424 | D:7      | Found a staircase to the Ecumenical Temple.
  7623 | D:7      | Reached XP level 9. HP: 31/45 MP: 12/22
  8247 | Temple   | Entered the Ecumenical Temple
  8291 | Temple   | Became a worshipper of Vehumet
  8731 | D:7      | Reached skill level 10 in Conjurations
  9178 | D:8      | Reached skill level 1 in Translocations
  9661 | D:8      | Reached skill level 5 in Bows
  9788 | D:8      | Reached * piety under Vehumet
  9788 | D:8      | Offered knowledge of Freeze by Vehumet.
  9865 | D:8      | Learned a level 1 spell: Freeze
  9904 | D:8      | Noticed a two-headed ogre
  9905 | D:8      | Noticed a two-headed ogre
  9912 | D:8      | Killed a two-headed ogre
  9917 | D:8      | Reached skill level 11 in Conjurations
  9973 | D:8      | Slain by a two-headed ogre

Skill      XL: |  1  2  3  4  5  6  7  8  9 |
---------------+----------------------------+-----
Dodging        | 3 4 5 6 7 8 |  8.2
Conjurations   | 5 6 7 8 9 11 | 11.0
Spellcasting   | 4 5 6 7 8 |  8.1
Bows           | 2 4 5 |  5.7
Translocations | 3 |  3.2
Stealth        | |  2.4

Action                   |  1- 3 |  4- 6 |  7- 9 || total
-------------------------+-------+-------+-------++-------
Melee: Unarmed           |     3 |       |       ||     3
 Fire: Shortbow          |       |       |    10 ||    10
 Cast: Magic Dart        |    52 |    51 |    23 ||   126
       Searing Ray       |    11 |    17 |    26 ||    54
       Iskenderun's Myst |       |    10 |    74 ||    84
       Mephitic Cloud    |       |       |     6 ||     6
       Conjure Flame     |       |       |     1 ||     1
       Freeze            |       |       |     1 ||     1
  Use: Scroll            |     3 |     6 |     1 ||    10
       Potion            |       |       |     1 ||     1
  Eat: Chunk             |     2 |    14 |    22 ||    38
       Ration            |       |     1 |     1 ||     2
Armor: Robe              |     2 |     3 |     7 ||    12
Dodge: Dodged            |     6 |    22 |    45 ||    73
